 Dungeon Crawl Stone Soup version 0.17-a0-1968-g88670c1 (webtiles) character file.

53 Geeful the Skirmisher (level 3, -2/24 HPs)
             Began as a Gargoyle Wanderer on Oct 4, 2015.
             Slain by a gnoll
             ... wielding a +0 war axe of chopping
              (5 damage)
             ... on level 3 of the Dungeon.
             The game lasted 00:03:40 (1716 turns).

Geeful the Skirmisher (Gargoyle Wanderer)           Turns: 1716, Time: 00:03:40

Health: -2/24      AC:  8    Str: 17    XL:     3   Next: 87%
Magic:  3/3        EV:  2    Int: 13    God:
Gold:   67         SH:  0    Dex:  7    Spells: 0 memorised, 2 levels left

rFire  . . .     SeeInvis .       - Unarmed
rCold  . . .     Clarity  .     b - +0 ring mail
rNeg   + . .     SustAt   .     (no shield)
rPois  ∞         Gourm    .     (no helmet)
rElec  +         Spirit   .     (no cloak)
rCorr  .         Warding  .     (no gloves)
rMut   .         Stasis   .     (no boots)
MR     .....                    (no amulet)
Stlth  +.........               (no ring)
                                e - -3 ring of evasion (curse)

@: not resistant to hostile enchantments, very unstealthy
A: negative energy resistance 1, electricity resistance, unbreathing,
petrification resistance, rot immunity, AC +3
a: no special abilities


You were on level 3 of the Dungeon.
You were not hungry.

You visited 1 branch of the dungeon, and saw 3 of its levels.

You collected 67 gold pieces.

Inventory:

Missiles
 i - 8 javelins of penetration (quivered)
Armour
 b - a +0 ring mail (worn)
Jewellery
 e - a cursed -3 ring of evasion (left hand)
Scrolls
 a - 2 scrolls of identify
 f - a scroll of enchant weapon
Potions
 c - a potion of curing
 g - a potion of magic {unknown}
Comestibles
 d - 3 bread rations
 h - a beef jerky
 j - 3 meat rations
 k - 2 chunks of flesh


   Skills:
 - Level 4.3 Fighting
   Level 2.0 Maces & Flails
 - Level 1.0 Throwing
 - Level 2.1 Armour
 - Level 1.1 Stealth
 + Level 3.3 Unarmed Combat


You had 2 spell levels left.
You didn't know any spells.

Dungeon Overview and Level Annotations

Branches:
Dungeon (3/15)

Altars:
Qazlal
Yredelemnul


Innate Abilities, Weirdness & Mutations

You are resistant to torment.
Your stone body is resilient (AC +3).
You are immune to poison.
You resist negative energy.
You are resistant to electric shocks.
You can survive without breathing.
You are immune to petrification.
You are immune to rotting.


Message History

The jackal is heavily wounded.
The jackal bites you but does no damage. x2
You hit the jackal.
You kill the jackal!
You barely miss the gnoll. The gnoll barely misses you.
The gnoll hits you but does no damage.
You hit the gnoll.
The gnoll is moderately wounded.
The gnoll hits you from afar with a spear.
The gnoll barely misses you.
You barely miss the gnoll.
The gnoll is moderately wounded.
The gnoll hits you from afar with a spear.
You barely miss the gnoll.
The gnoll is moderately wounded.
The gnoll hits you with a war axe of chopping!
* * * LOW HITPOINT WARNING * * *
x2
There is a stone staircase leading up here.
The gnoll hits you with a war axe of chopping.
You die...

#.#.#..#.......#
#......##.....##
#......###)..##
###g#### ##(##### #g#
#))...# #g# #.###.#
#†# ##.....#
#.######...##.########
#..gg..g....#@........
########g..##g########
##.###g# #.###.#
#.g.g.# #.##### #.#
######.# #...##.#


You could see 3 gnolls.

Vanquished Creatures
  An adder (D:3)
  An ooze (D:1)
  An orc (D:3)
  2 giant cockroaches (D:1)
  2 goblins
  7 hobgoblins
  6 jackals
  A quokka (D:2)
  2 ball pythons (D:1)
  6 bats
  A giant newt (D:1)
  2 kobolds
  5 rats
37 creatures vanquished.

Notes
Turn   | Place    | Note
--------------------------------------------------------------
     0 | D:1      | Geeful the Gargoyle Wanderer began the quest for the Orb.
     0 | D:1      | Geeful set off with: a +2 mace, a +0 ring mail, a potion of curing, a bread ration, a !bad item (cl:100,ty:0,pl:0,pl2:0,sp:0,qu:0), a !bad item (cl:100,ty:0,pl:0,pl2:0,sp:0,qu:0), a !bad item (cl:100,ty:0,pl:0,pl2:0,sp:0,qu:0), a !bad item (cl:100,ty:0,pl:0,pl2:0,sp:0,qu:0), a !bad item (cl:100,ty:0,pl:0,pl2:0,sp:0,qu:0), a !bad item (cl:100,ty:0,pl:0,pl2:0,sp:0,qu:0), a !bad item (cl:100,ty:0,pl:0,pl2:0,sp:0,qu:0), a !bad item (cl:100,ty:0,pl:0,pl2:0,sp:0,qu:0), a !bad item (cl:100,ty:0,pl:0,pl2:0,sp:0,qu:0), a !bad item (cl:100,ty:0,pl:0,pl2:0,sp:0,qu:0), a !bad item (cl:100,ty:0,pl:0,pl2:0,sp:0,qu:0), a !bad item (cl:100,ty:0,pl:0,pl2:0,sp:0,qu:0), a !bad item (cl:100,ty:0,pl:0,pl2:0,sp:0,qu:0), a !bad item (cl:100,ty:0,pl:0,pl2:0,sp:0,qu:0), a !bad item (cl:100,ty:0,pl:0,pl2:0,sp:0,qu:0), a !bad item (cl:100,ty:0,pl:0,pl2:0,sp:0,qu:0), a !bad item (cl:100,ty:0,pl:0,pl2:0,sp:0,qu:0), a !bad item (cl:100,ty:0,pl:0,pl2:0,sp:0,qu:0), a !bad item (cl:100,ty:0,pl:0,pl2:0,sp:0,qu:0), a !bad item (cl:100,ty:0,pl:0,pl2:0,sp:0,qu:0), a !bad item (cl:100,ty:0,pl:0,pl2:0,sp:0,qu:0), a !bad item (cl:100,ty:0,pl:0,pl2:0,sp:0,qu:0), a !bad item (cl:100,ty:0,pl:0,pl2:0,sp:0,qu:0), a !bad item (cl:100,ty:0,pl:0,pl2:0,sp:0,qu:0), a !bad item (cl:100,ty:0,pl:0,pl2:0,sp:0,qu:0), a !bad item (cl:100,ty:0,pl:0,pl2:0,sp:0,qu:0), a !bad item (cl:100,ty:0,pl:0,pl2:0,sp:0,qu:0), a !bad item (cl:100,ty:0,pl:0,pl2:0,sp:0,qu:0), a !bad item (cl:100,ty:0,pl:0,pl2:0,sp:0,qu:0), a !bad item (cl:100,ty:0,pl:0,pl2:0,sp:0,qu:0), a !bad item (cl:100,ty:0,pl:0,pl2:0,sp:0,qu:0), a !bad item (cl:100,ty:0,pl:0,pl2:0,sp:0,qu:0), a !bad item (cl:100,ty:0,pl:0,pl2:0,sp:0,qu:0), a !bad item (cl:100,ty:0,pl:0,pl2:0,sp:0,qu:0), a !bad item (cl:100,ty:0,pl:0,pl2:0,sp:0,qu:0), a !bad item (cl:100,ty:0,pl:0,pl2:0,sp:0,qu:0), a !bad item (cl:100,ty:0,pl:0,pl2:0,sp:0,qu:0), a !bad item (cl:100,ty:0,pl:0,pl2:0,sp:0,qu:0), a !bad item (cl:100,ty:0,pl:0,pl2:0,sp:0,qu:0), a !bad item (cl:100,ty:0,pl:0,pl2:0,sp:0,qu:0), a !bad item (cl:100,ty:0,pl:0,pl2:0,sp:0,qu:0), a !bad item (cl:100,ty:0,pl:0,pl2:0,sp:0,qu:0), a !bad item (cl:100,ty:0,pl:0,pl2:0,sp:0,qu:0), a !bad item (cl:100,ty:0,pl:0,pl2:0,sp:0,qu:0), a !bad item (cl:100,ty:0,pl:0,pl2:0,sp:0,qu:0), a !bad item (cl:100,ty:0,pl:0,pl2:0,sp:0,qu:0), a !bad item (cl:100,ty:0,pl:0,pl2:0,sp:0,qu:0), a !bad item (cl:100,ty:0,pl:0,pl2:0,sp:0,qu:0)
     0 | D:1      | Reached XP level 1. HP: 16/16 MP: 1/1
   100 | D:1      | Reached skill level 1 in Unarmed Combat
   185 | D:1      | Reached XP level 2. HP: 18/20 MP: 2/2
   863 | D:2      | Found a stormy altar of Qazlal.
   887 | D:2      | Reached XP level 3. HP: 24/24 MP: 3/3
  1153 | D:2      | Found a basalt altar of Yredelemnul.
  1716 | D:3      | Slain by a gnoll

Vault maps used:
D:1:      scummos_arrival_checkerplants
D:2:      lemuel_doored_altar, nicolae_qazlal_general_emergency, first_bread
D:3:      tgw_xom

Action                   || total
-------------------------++-------
Melee: Unarmed           ||   206
  Use: Scroll            ||     4
       Potion            ||     2
  Eat: Chunk             ||     3
